 Dungeon Crawl Stone Soup version 0.29-a0-551-gffc1d7fb78 (webtiles) character file.

Game seed: 7493168929544000318

16 shadowstone the Sneak (level 2, 0/15 HPs)
             Began as a Tengu Enchanter on June 5, 2022.
             Slain by a jackal (3 damage)
             ... on level 1 of the Dungeon.
             The game lasted 00:03:01 (908 turns).

shadowstone the Sneak (Tengu Enchanter)              Turns: 908, Time: 00:03:02

Health: 0/15       AC:  2    Str:  8    XL:     2   Next: 54%
Magic:  6/6        EV: 12    Int: 15    God:
Gold:   11         SH:  0    Dex: 14    Spells: 5/5 levels left

rFire   . . .      SeeInvis .   a - +1 dagger
rCold   . . .      Faith    .   (no shield)
rNeg    . . .      Spirit   .   b - +0 robe
rPois   .          Reflect  .   (helmet restricted)
rElec   .          Harm     .   (no cloak)
rCorr   .          Rampage  .   (no gloves)
Will    .....                   (boots unavailable)
Stlth   ++........              (no amulet)
HPRegen 0.05/turn               (no ring)
MPRegen 0.10/turn               (no ring)

@: no status effects
A: beak, talons 3
a: no special abilities


You were on level 1 of the Dungeon.
You visited 1 branch of the dungeon, and saw 1 of its levels.

You collected 11 gold pieces.

Inventory:

Hand Weapons
 a - a +1 dagger (weapon)
Armour
 b - a +0 robe (worn)
Potions
 c - 2 potions of invisibility


   Skills:
 + Level 1.1 Short Blades
 + Level 2.3 Dodging
 + Level 3.3 Stealth
 + Level 2.2 Spellcasting
 + Level 2.3 Hexes


You had 5 spell levels left.
You didn't know any spells.
Your spell library contained the following spells:

 Spells                   Type           Power      Damage    Failure   Level
 Ensorcelled Hibernation  Hex/Ice        10%        N/A       21%         2
 Confusing Touch          Hex            8%         N/A       24%         3
 Tukima's Dance           Hex            8%         N/A       24%         3
 Dazzling Flash           Conj/Hex       10%        N/A       36%         3


Dungeon Overview and Level Annotations

Branches:
Dungeon (1/15)

Altars:


Innate Abilities, Weirdness & Mutations

You have a beak for a mouth.
You have claws for feet.


Message History

A jackal comes into view.
The bat hits you but does no damage. The bat completely misses you.
The bat barely misses you. The bat barely misses you.
The bat completely misses you. The bat hits you but does no damage.
The bat barely misses you. The bat barely misses you.
The bat closely misses you. The bat misses you.
The bat hits you but does no damage. The bat attacks as you move away!
The bat hits you but does no damage. The bat closely misses you.
The bat misses you. The bat attacks as you move away!
The bat barely misses you. x2
The bat barely misses you. The bat barely misses you.
The bat hits you but does no damage. The bat hits you but does no damage.
The bat hits you. The bat hits you but does no damage.
The bat closely misses you. The bat barely misses you.
A jackal comes into view.
The jackal barks!
You hear a bark!
A jackal comes into view.
The bat attacks as you move away! The bat hits you but does no damage.
The bat hits you.
* * * LOW HITPOINT WARNING * * *
The bat closely misses you.
The jackal barks!
You hit the bat.
You kill the bat!
The jackal barely misses you. The jackal attacks as you move away!
The jackal barely misses you. The jackal closely misses you.
The jackal bites you.
* * * LOW HITPOINT WARNING * * *
The jackal attacks as you move away! The jackal closely misses you.
The jackal bites you.
You die...

##########
#........########
#...............#
#..(......#####.#
#......@........#
#......h.†#######
#......h..##########
#......h...........#####
#............)†....'....
#.....$..#.........#####
#........#.........# #
#######.##.........# ###
#.##.........# #..


You could see 3 jackals.

Vanquished Creatures
  A dart slug (D:1)
  2 endoplasms (D:1)
  2 goblins (D:1)
  A kobold (D:1)
  A ball python (D:1)
  A bat (D:1)
  4 frilled lizards (D:1)
  A giant cockroach (D:1)
  2 rats (D:1)
15 creatures vanquished.

Notes
Turn   | Place    | Note
-------+----------+-------------------------------------------
     0 | D:1      | shadowstone the Tengu Enchanter began the quest for the
                  | Orb.
     0 | D:1      | Reached XP level 1. HP: 10/10 MP: 4/4
   471 | D:1      | Reached XP level 2. HP: 9/15 MP: 6/6
   908 | D:1      | Slain by a jackal

Illustrated notes

Levels and vault maps discovered:
D:1:      minmay_arrival_radiant_lines, layout_basic,
          shapermc_ecumenical_altar_mp_vishouse

Action                   || total
-------------------------++-------
Melee: Dagger            ||    41
       Kick              ||     8
       Peck              ||     7
 Stab: Sleeping          ||     2
Armor: Robe              ||    19
Dodge: Dodged            ||    42

Table legend: (Time is in decaauts)
 A = Elapsed time spent in this place.
 B = Non-inter-level travel time spent in this place.
 C = Inter-level travel time spent in this place.
 D = Time resting spent in this place.
 E = Time spent auto-exploring this place.
 F = Levels seen in this place.
 G = Mean time per level.
                   A        B        C        D        E       F      G
               +--------+--------+--------+--------+--------+-----+--------+
         Total |    905 |    905 |      0 |    412 |      0 |   1 |  905.0 |
       Dungeon |    905 |    905 |      0 |    412 |      0 |   1 |  905.0 |
               +--------+--------+--------+--------+--------+-----+--------+

Top non-repeatable levels by time:
     D:1: 905 daAuts
